 Dungeon Crawl Stone Soup version 0.26-a0-1020-ge47f559bc5 (webtiles) character file.

Game seed: 13390007599993199866

81 ANON1729 the Insei (level 4, -1/33 HPs)
             Began as a Merfolk Transmuter on Dec 8, 2020.
             Slain by Ijyb (3 damage)
             ... on level 3 of the Dungeon.
             The game lasted 00:01:50 (2427 turns).

ANON1729 the Insei (Merfolk Transmuter)             Turns: 2427, Time: 00:01:52

Health: -1/33      AC:  2    Str: 10    XL:     4   Next: 42%
Magic:  7/7        EV: 13    Int: 13    God:
Gold:   87         SH:  0    Dex: 14    Spells: 6/7 levels left

rFire    . . .     SeeInvis .     - Unarmed
rCold    . . .     Faith    .   (no shield)
rNeg     . . .     Spirit   .   a - +0 robe
rPois    .         Reflect  .   (helmet currently unavailable)
rElec    .         Harm     .   (no cloak)
rCorr    .         Rampage  .   (no gloves)
Will     .....                  (boots currently unavailable)
Stlth    +.........             (no amulet)
HPRegen  0.11/turn              (no ring)
MPRegen  0.10/turn              (no ring)

@: appendages (expiring)
A: change form in water, swift swim, stealthy swim, horns 2
a: End Transformation


You were on level 3 of the Dungeon.
You had grown temporary horns.
You visited 1 branch of the dungeon, and saw 3 of its levels.

You collected 87 gold pieces.

Inventory:

Armour
 a - a +0 robe (worn)
 n - a +1 helmet (melded)
Scrolls
 e - 2 scrolls of remove curse {unknown}
 f - 2 scrolls of enchant armour {unknown}
 g - a scroll of identify {unknown}
 h - 2 scrolls of immolation {unknown}
 j - a scroll of teleportation {unknown}
Potions
 b - 2 potions of haste {unknown}
 c - 2 potions of mutation {unknown}
 d - a potion of might {unknown}
 i - 2 potions of flight {unknown}
 k - 2 potions of ambrosia {unknown}
 l - a potion of curing {unknown}
 m - a potion of degeneration {unknown}


   Skills:
 + Level 1.9 Fighting
 + Level 3.3 Dodging
 * Level 4.1 Unarmed Combat
 + Level 2.3 Spellcasting
 * Level 3.8 Transmutations


You had 6 spell levels left.
You knew the following spells:

 Your Spells              Type           Power        Failure   Level
a - Beastly Appendage     Tmut           ##....       5%          1

Your spell library contained the following spells:

 Spells                   Type           Power        Failure   Level
 Wereblood                Tmut           ##......     8%          2
 Spider Form              Tmut/Pois      #.........   34%         3
 Ice Form                 Ice/Tmut       #.......     75%         4
 Blade Hands              Tmut           ##........   82%         5


Dungeon Overview and Level Annotations

Branches:
Dungeon (3/15)

Altars:

Annotations:
D:3 Ijyb


Innate Abilities, Weirdness & Mutations

You revert to your normal form in water.
You are very nimble and swift while swimming.
You are very stealthy in the water. (Stealth+)
You have a pair of horns on your head.


Message History

You are too injured to fight recklessly!
You are too injured to fight recklessly!
You are too injured to fight recklessly!
You are too injured to fight recklessly!
You are too injured to fight recklessly!
You are too injured to fight recklessly!
You are too injured to fight recklessly!
You hit Ijyb.
Ijyb is heavily wounded.
Ijyb zaps a wand.
The puff of flame misses you.
You barely miss Ijyb.
Ijyb is heavily wounded.
You hit Ijyb but do no damage.
Ijyb is heavily wounded.
Ijyb zaps a wand.
The puff of flame hits you!
* * * LOW HITPOINT WARNING * * *
You hit Ijyb but do no damage.
Ijyb is heavily wounded.
Ijyb hits you.
You die...

####'########.#.#
#.........#<#.#.#
#......##.#.#.#.#
#......##.#.#.#.#
#......#....#.#.#
####.#.######.#.#
#.#........#.#
#.####.......#
#..@gr.......#
######.......#
#.......#
#.g.....###
###..........#
.r...............#
#######..........#
>.....#######
#.##.#.#


You could see Ijyb and a rat.

Vanquished Creatures
  Jessica (D:2)
  An adder (D:2)
  A worm (D:2)
  2 dart slugs (D:1)
  A leopard gecko (D:1)
  2 bats
  3 giant cockroaches
  3 goblins (D:2)
  6 hobgoblins
  4 jackals (D:1)
  5 kobolds (D:1)
  2 quokkas
  3 rats (D:1)
34 creatures vanquished.

Notes
Turn   | Place    | Note
-------+----------+-------------------------------------------
     0 | D:1      | ANON1729 the Merfolk Transmuter began the quest for the
                  | Orb.
     0 | D:1      | Reached XP level 1. HP: 15/15 MP: 3/3
   356 | D:1      | Reached XP level 2. HP: 20/21 MP: 5/5
   818 | D:1      | Reached XP level 3. HP: 15/26 MP: 4/6
  2006 | D:2      | Noticed Jessica
  2022 | D:2      | Killed Jessica
  2023 | D:2      | Reached skill level 4 in Unarmed Combat
  2023 | D:2      | Reached XP level 4. HP: 11/33 MP: 5/7
  2405 | D:3      | Noticed Ijyb
  2427 | D:3      | Slain by Ijyb

Illustrated notes

Levels and vault maps discovered:
D:1:      lemuel_arrival_funnel, layout_loops_ring, minmay_tetromino_l4
D:2:      layout_rooms, kennysheep_jessica_study, uniq_jessica
D:3:      layout_basic, portal_sewer_entry_d, uniq_ijyb

Skill      XL: |  1  2  3 |
---------------+----------+-----
Transmutations | 3 |  3.8
Dodging        | 3 |  3.3
Unarmed Combat | 4 |  4.1
Fighting       | |  1.9
Spellcasting   | |  2.3

Action                   |  1- 3 |  4- 6 || total
-------------------------+-------+-------++-------
Melee: Unarmed           |   122 |    20 ||   142
       Punch             |     3 |       ||     3
       Headbutt          |     1 |       ||     1
 Cast: Beastly Appendage |     2 |     1 ||     3
 Stab: Sleeping          |     2 |       ||     2
Armor: Robe              |    17 |     1 ||    18
Dodge: Dodged            |    95 |    19 ||   114

Table legend: (Time is in decaauts)
 A = Elapsed time spent in this place.
 B = Non-inter-level travel time spent in this place.
 C = Inter-level travel time spent in this place.
 D = Time resting spent in this place.
 E = Time spent auto-exploring this place.
 F = Levels seen in this place.
 G = Mean time per level.
                   A        B        C        D        E       F      G
               +--------+--------+--------+--------+--------+-----+--------+
         Total |   2429 |   2376 |     53 |    304 |   1782 |   3 |  809.7 |
       Dungeon |   2429 |   2376 |     53 |    304 |   1782 |   3 |  809.7 |
               +--------+--------+--------+--------+--------+-----+--------+

Top non-repeatable levels by time:
     D:1: 1342 daAuts
     D:2: 1027 daAuts
     D:3: 59 daAuts
